 Dungeon Crawl Stone Soup version 0.28.0-1-gb440e238dd (webtiles) character file.

Game seed: 6834155923689056257

13961 Kaptain the Geomancer (level 12, 0/83 HPs)
             Began as an Octopode Earth Elementalist on Feb 21, 2022.
             Slain by a meliai (10 damage)
             ... on level 2 of the Lair of Beasts.
             The game lasted 00:50:04 (21963 turns).

Kaptain the Geomancer (OpEE)                       Turns: 21963, Time: 00:50:05

Health: 0/83       AC:  1    Str:  9    XL:     12   Next: 11%
Magic:  21/24      EV: 14    Int: 21    God:
Gold:   929        SH:  5    Dex: 12    Spells: 18/27 levels left

rFire   . . .      SeeInvis .   i - +10 hand axe "Azygee Inoe" {elec, rElec rC+ rN+ Stlth-}
rCold   + . .      Faith    .   t - +0 buckler
rNeg    + . .      Spirit   .   (helmet restricted)
rPois   .          Reflect  .   p - amulet of the acrobat
rElec   +          Harm     .   l - ring of wizardry
rCorr   .          Rampage  .   (no ring)
Will    .....                   (no ring)
Stlth   ++++......              (no ring)
HPRegen 0.23/turn               (no ring)
MPRegen 0.19/turn               (no ring)
                                (no ring)
                                (no ring)

@: lethally poisoned (0 -> -13)
A: almost no armour, amphibious, 8 rings, camouflage 1, gelatinous body 1,
(nimble swimmer 1), tentacles
a: no special abilities


You were on level 2 of the Lair of Beasts.
You visited 3 branches of the dungeon, and saw 14 of its levels.
You also visited: Sewer, Ossuary and Bailey.

You collected 988 gold pieces.
You spent 59 gold pieces at shops.

Inventory:

Hand Weapons
 d - a +3 short sword
 f - the +3 hand axe of Sitai {antimagic, rPois rC+ rN+}
   (You found it on level 3 of the Dungeon)

   It reduces the magical energy of the wielder, and disrupts the spells and
   magical abilities of those it strikes.
   Natural abilities and divine invocations are not affected.
   rC:        It protects you from cold.
   rPois:     It protects you from poison.
   rN:        It protects you from negative energy.
 i - the +10 hand axe "Azygee Inoe" (weapon) {elec, rElec rC+ rN+ Stlth-}
   (You found it on level 6 of the Dungeon)

   It occasionally discharges a powerful burst of electricity upon striking a
   foe.
   rC:        It protects you from cold.
   rElec:     It insulates you from electricity.
   rN:        It protects you from negative energy.
   Stlth:     It makes you less stealthy.
 z - a +0 hunting sling
 B - a +0 trident
 C - the +5 long sword of Execution {flame, Dex+2}
   (You found it on level 1 of the Lair of Beasts)

   It burns those it strikes, dealing additional fire damage.
   Big, fiery blades are also staple armaments of hydra-hunters.
   Dex:       It affects your dexterity (+2).
 G - the +3 flail of the Tiger {freeze, +Blink Int+4}
   (You found it on level 9 of the Dungeon)

   It freezes those it strikes, dealing additional cold damage.
   It can also slow down cold-blooded creatures.
   Int:       It affects your intelligence (+4).
   +Blink:    It lets you blink.
Missiles
 b - 39 stones
 g - 23 poisoned darts (quivered)
 m - 17 boomerangs
 A - 42 sling bullets
Armour
 t - a +0 buckler (worn)
Magical Staves
 v - a staff of fire
 D - a staff of air
Jewellery
 l - a ring of wizardry (left tentacle)
 p - an amulet of the acrobat (around mantle)
Wands
 y - a wand of digging (9)
 E - a wand of iceblast (19)
Scrolls
 e - 3 scrolls of teleportation
 q - 5 scrolls of enchant armour
 w - a scroll of immolation
 x - 2 scrolls of acquirement
 F - a scroll of fear
 I - a scroll of magic mapping
 J - a scroll of brand weapon {unknown}
Potions
 a - 6 potions of lignification
 c - 4 potions of curing
 h - 6 potions of magic
 j - 5 potions of might
 k - 5 potions of haste
 n - 5 potions of flight
 o - 3 potions of mutation
 r - 3 potions of brilliance {unknown}
 s - 2 potions of attraction {unknown}
 u - 3 potions of cancellation


   Skills:
 * Level 8.2 Fighting
 + Level 6.2 Dodging
 + Level 8.6 Stealth
 + Level 5.1 Shields
 * Level 8.0 Spellcasting
 * Level 8.0 Conjurations
 + Level 2.5 Transmutations
 * Level 8.9 Earth Magic


You had 18 spell levels left.
You knew the following spells:

 Your Spells              Type           Power      Damage    Failure   Level
a - Sandblast             Erth           92%        2d19      1%          1
b - Stone Arrow           Conj/Erth      88%        3d12      1%          3
c - Fireball              Conj/Fire      12%        3d7       21%         5

Your spell library contained the following spells:

 Spells                   Type           Power      Damage    Failure   Level
 Passwall                 Tmut/Erth      26%        N/A       1%          2
 Petrify                  Tmut/Erth      32%        N/A       4%          4
 Starburst                Conj/Fire      12%        6d5       71%         6
 Ignition                 Fire           4%         3d4       100%        8


Dungeon Overview and Level Annotations

Branches:
Dungeon (11/15)            Temple (1/1) D:6            Lair (2/6) D:11
 Spider (0/4) Lair:2          Orc (0/2) D:11          Sewer (visited)
Ossuary (visited)          Bailey (visited)
  Swamp: Lair:2-4    Shoals: Lair:2-4

Altars:
Ashenzari
Cheibriados
Dithmenos
Elyvilon
Fedhas
Gozag
Hepliaklqana
Kikubaaqudgha
Makhleb
Nemelex Xobeh
Okawaru
Qazlal
Ru
Sif Muna
Trog
Uskayaw
Vehumet
Wu Jian
Xom
Yredelemnul
Zin
The Shining One
Jiyva

Shops:
D:3 (   D:8 *   D:10 ?[*?


Innate Abilities, Weirdness & Mutations

You cannot wear most types of armour.
You are amphibious.
You can wear up to eight rings at the same time.
Your skin changes colour to match your surroundings (Stealth+).
Your rubbery body absorbs attacks. (AC +1, EV +1)
((You are camouflaged when in or above water. (Stealth+)))
You have tentacles for arms and can constrict up to eight enemies at once.


Message History

Press: ? - help, Shift-Dir - straight line, f - wyvern
Aim: a wyvern (76% to hit)
The stone arrow hits the wyvern!
The wyvern is moderately wounded.
Unknown command.
Casting: Stone Arrow (safe; 1% risk of failure)
Confirm with . or Enter, or press ? or * to list all spells.
Aiming: Stone Arrow (safe; 1% risk of failure)
Press: ? - help, Shift-Dir - straight line, f/p - wyvern
Aim: a wyvern (moderately wounded, 76% to hit)
The stone arrow hits the wyvern!!
You kill the wyvern!
Unknown command.
You start resting.
Magic restored.
The meliai buzzes angrily.
You block the meliai's attack. The meliai stings you.
You hit the meliai. Your grab misses the meliai.
The meliai is lightly wounded.
The meliai hits you with a +0 hand axe of flaming!
The meliai burns you. The meliai stings you!
You are poisoned.
The meliai poisons you!
The meliai hits you with a +0 hand axe of flaming!!
The meliai burns you. You block the meliai's attack.
Casting: Stone Arrow (safe; 1% risk of failure)
Confirm with . or Enter, or press ? or * to list all spells.
Aiming: Stone Arrow (safe; 1% risk of failure)
Press: ? - help, Shift-Dir - straight line, f - meliai
Aim: a meliai, wielding a +0 hand axe of flaming and wearing a +0 robe (lightly wounded, 64% to hit)
The stone arrow hits the meliai!!
The meliai is almost dead.
You feel very sick. The meliai misses you. The meliai barely misses you.
The meliai hits you with a +0 hand axe of flaming!
* * * LOW HITPOINT WARNING * * *
The meliai burns you!
* * * LOW HITPOINT WARNING * * *
The meliai stings you!
You die...

## #....#########...............#
## #.....#......#....#.........##
.# #....##.....................#
.# #...........##....#.........#
.# #.....#......#....#......#..#
## #....##.....##....#......#..#
##.....#...<รท#.....#......#..#
###.....######.#......'##.###..#
.........###...y@..............#
.....[.........................##
................................#
.................................
...............................##
###.....#######.......##.##.#...#
####...## #....##.####..#..##
..#....# # ##...##...........#
...#...## .. ....+......##..##


You could see a meliai.

Vanquished Creatures
  A hydra (Lair:2)
  An orc knight (Bailey)
  An orc sorcerer (Bailey)
  A manticore (D:9)
  2 black mambas
  A gargoyle (D:10)
  Joseph (D:7)
  3 cane toads (Lair:1)
  A komodo dragon (Lair:1)
  A kobold demonologist (D:9)
  A hornet (D:10)
  A polar bear (shapeshifter) (D:9)
  2 wyverns
  Eustachio (D:6)
  14 yaks
  3 wraiths (D:10)
  An acid dragon (D:8)
  4 water moccasins
  4 black bears
  11 orc warriors
  A necrophage (D:5)
  2 centaurs (D:7)
  4 ogres
  A phantom (D:6)
  9 bullfrogs
  3 kobold brigands
  A gnoll sergeant (D:10)
  A scorpion (D:5)
  A wyvern skeleton (D:7)
  A water moccasin skeleton (D:5)
  21 killer bees (Lair:2)
  6 electric eels
  2 centaur zombies
  A bullfrog zombie (D:5)
  3 jellies
  Crazy Yiuf (D:7)
  A gnoll shaman (D:5)
  2 orc priests
  5 hounds
  A bullfrog skeleton (D:7)
  2 centaur skeletons
  8 iguanas
  8 orc wizards
  8 mummies (Ossuary)
  A howler monkey skeleton (D:6)
  9 gnolls
  2 river rats (Sewer)
  11 adders
  A shadow imp (D:6)
  A white imp (D:5)
  An ufetubus (D:6)
  2 adder skeletons (D:4)
  A worm (D:3)
  35 orcs
  12 endoplasms
  7 giant cockroaches
  15 goblins
  8 hobgoblins
  5 quokkas
  8 ball pythons
  5 bats
  6 frilled lizards
  2 gnoll zombies (Ossuary)
  3 hobgoblin zombies (Ossuary)
  27 kobolds
  A kobold zombie (Ossuary)
  2 orc zombies (Ossuary)
  24 rats
337 creatures vanquished.

Vanquished Creatures (others)
  15 fungi
  28 plants
43 creatures vanquished.

Grand Total: 380 creatures vanquished

Notes
Turn   | Place    | Note
-------+----------+-------------------------------------------
     0 | D:1      | Kaptain the Octopode Earth Elementalist began the quest for
                  | the Orb.
     0 | D:1      | Reached XP level 1. HP: 11/11 MP: 3/3
   118 | D:1      | Reached XP level 2. HP: 18/18 MP: 0/5
   326 | D:1      | Reached skill level 1 in Fighting
   771 | D:1      | Reached XP level 3. HP: 23/23 MP: 6/6
   775 | D:1      | Learned a level 3 spell: Stone Arrow
  1923 | D:2      | Reached XP level 4. HP: 26/28 MP: 7/7
  1948 | D:2      | Reached skill level 1 in Conjurations
  2966 | D:3      | Found a radiant altar of Vehumet.
  3178 | D:3      | Identified the +3 hand axe of Sitai {antimagic, rPois rC+
                  | rN+}
  3188 | D:3      | Found a glowing drain.
  3192 | D:3      | Reached XP level 5. HP: 34/34 MP: 7/9
  3201 | Sewer    | Entered a sewer
  3398 | Sewer    | Noticed a kobold brigand
  3741 | Sewer    | Killed a kobold brigand
  3742 | Sewer    | Reached XP level 6. HP: 16/39 MP: 3/10
  4354 | D:3      | Found a hide-covered altar of Uskayaw.
  4405 | D:3      | Found Jesid's Weapon Shop.
  5337 | D:4      | Found a burning altar of Makhleb.
  5723 | D:4      | Found a faded altar of an unknown god.
  5723 | D:4      | Found a snail-covered altar of Cheibriados.
  5730 | D:4      | Found a faded altar of an unknown god.
  5732 | D:4      | Found a glowing golden altar of the Shining One.
  5733 | D:4      | Found a stormy altar of Qazlal.
  6039 | D:4      | Reached XP level 7. HP: 35/45 MP: 12/12
  6369 | D:5      | Entered Level 5 of the Dungeon
  6976 | D:5      | Reached skill level 1 in Shields
  7064 | D:5      | Found an opulent altar of Gozag.
  7070 | D:5      | Reached XP level 8. HP: 53/53 MP: 8/14
  7076 | D:5      | Reached skill level 5 in Earth Magic
  7849 | D:5      | Reached skill level 5 in Stealth
  8403 | D:6      | Found a sand-covered staircase.
  8415 | Ossuary  | Entered an ossuary
  9213 | D:6      | Noticed Eustachio
  9425 | D:6      | Identified the +10 hand axe "Azygee Inoe" {elec, rElec rC+
                  | rN+ Stlth-}
  9631 | D:6      | Found a shimmering altar of Xom.
  9744 | D:6      | Found a staircase to the Ecumenical Temple.
  9750 | Temple   | Entered the Ecumenical Temple
  9880 | D:6      | Killed Eustachio
  9881 | D:6      | Reached skill level 5 in Spellcasting
  9881 | D:6      | Reached XP level 9. HP: 59/59 MP: 3/16
 10252 | D:7      | Found a flagged portal.
 10267 | Bailey   | Entered a bailey
 10356 | Bailey   | Noticed an orc sorcerer
 10497 | Bailey   | Reached skill level 5 in Fighting
 11005 | Bailey   | Noticed an orc knight
 11068 | Bailey   | Found an iron altar of Okawaru.
 11070 | Bailey   | Noticed a kobold demonologist
 11088 | Bailey   | Killed an orc knight
 11089 | Bailey   | Reached skill level 5 in Conjurations
 11402 | Bailey   | Noticed a soul eater
 11404 | Bailey   | Killed an orc sorcerer
 11405 | Bailey   | Reached XP level 10. HP: 68/68 MP: 8/19
 11496 | Bailey   | Noticed a rust devil
 11535 | Bailey   | Noticed a sixfirhy
 11607 | Bailey   | Noticed an orange demon
 11898 | D:7      | Noticed Joseph
 11908 | D:7      | Killed Joseph
 12165 | D:7      | Found a glowing silver altar of Zin.
 12182 | D:7      | Found a broken altar of Ashenzari.
 12307 | D:7      | Found a hazy altar of Hepliaklqana.
 12308 | D:7      | Found an iron altar of Okawaru.
 12460 | D:7      | You fall into a shaft and drop 1 floor!
 12839 | D:7      | Found a runed translucent door.
 12840 | D:7      | Noticed Crazy Yiuf
 12844 | D:7      | Killed Crazy Yiuf
 13025 | D:7      | Found a shimmering blue altar of Sif Muna.
 13580 | D:7      | Reached skill level 5 in Dodging
 14147 | D:8      | Found Minoym's Overcharged Wands.
 15224 | D:9      | Noticed a kobold demonologist
 15228 | D:9      | Noticed a rust devil
 15229 | D:9      | Killed a kobold demonologist
 15302 | D:9      | Identified the +3 flail of the Tiger {freeze, +Blink Int+4}
 15549 | D:9      | Reached XP level 11. HP: 74/74 MP: 17/21
 15639 | D:9      | Noticed a rakshasa
 15640 | D:9      | Noticed a centaur warrior
 15640 | D:9      | Noticed a cyclops
 15646 | D:9      | Noticed a manticore
 15646 | D:9      | Noticed a skeletal warrior
 15647 | D:9      | Noticed a deep elf pyromancer
 15647 | D:9      | Noticed a rakshasa
 15648 | D:9      | Noticed a green ugly thing
 15975 | D:9      | Killed a manticore
 16611 | D:10     | Entered Level 10 of the Dungeon
 16624 | D:10     | Found Inier's Antique Armour Shop.
 16699 | D:10     | Found Zonoixos's Magic Scroll Boutique.
 17019 | D:10     | Found Jenwiw's Assorted Antiques.
 17175 | D:10     | Found Mouqemno's Antique Weapon Shoppe.
 17740 | D:10     | Found Ulublecwo's Magic Scroll Boutique.
 17748 | D:10     | Bought a scroll of magic mapping for 59 gold pieces
 18444 | D:11     | Identified the +5 ring mail of Proximity {rF+ rCorr Dex-2}
 18453 | D:11     | Noticed a red ugly thing
 18688 | D:11     | Found a staircase to the Lair.
 18847 | Lair:1   | Entered Level 1 of the Lair of Beasts
 19136 | Lair:1   | Identified the +5 long sword of Execution {flame, Dex+2}
 19218 | Lair:1   | Learned a level 5 spell: Fireball
 20744 | Lair:2   | Noticed a four-headed hydra
 20783 | Lair:2   | Found a hole to the Spider Nest.
 21025 | Lair:2   | Reached skill level 5 in Shields
 21153 | Lair:2   | Killed a four-headed hydra
 21154 | Lair:2   | Reached XP level 12. HP: 82/82 MP: 10/23
 21963 | Lair:2   | Slain by a meliai

Illustrated notes

Levels and vault maps discovered:
D:1:      lemuel_arrival_behind_the_door_small, layout_basic
D:2:      layout_loops_ring, minivault_4
D:3:      layout_basic, nicolae_uskayaw_dance_hall,
          nicolae_overflow_crystal_walls, portal_sewer_entry_d, serial_shops,
          nicolae_shop_bloodbath_and_beyond
D:4:      layout_loops_corners, lightli_temple_of_fire,
          chequers_temple_overflow_minitemple
D:5:      layout_basic, mainiacjoe_overflow_boulevard, corexii_shack,
          minmay_pentangle
D:6:      layout_basic, tgw_xom, minmay_temple_entry_enclosed_plants,
          nicolae_ossuary_entry_ruins, nrook_uturn, uniq_eustachio
D:7:      layout_loops_ring, nicolae_overflow_squiral, zin_statuary,
          mainiacjoe_overflow_catwalk_spiral, enter_bailey_3,
          minmay_fractal_squares_diagonal_5, uniq_joseph,
          uniq_crazy_yiuf_cottage
D:8:      layout_basic, nicolae_shop_overcharged_wands
D:9:      layout_loops_corners, minivault_28
D:10:     layout_loops_ring, serial_shops, nicolae_shop_hallway_plus, shop,
          nicolae_lakefront_shop, kennysheep_mini, shop
D:11:     layout_irregular_city, grunt_lair_entry_orc_guard_hut,
          zombieorc2_lemuel, minivault_27
Temple:   pf_slimified_temple
Lair:1:   layout_regular_city
Lair:2:   wad_woods_minihive, layout_regular_city,
          hellmonk_spider_entry_not_the_bees, serial_bayou_pond_b,
          grunt_forest_stairs_basic

Skill      XL: |  1  2  3  4  5  6  7  8  9 10 11 12 |
---------------+-------------------------------------+-----
Fighting       | 1 2 3 4 5 6 8 |  8.2
Stealth        | 3 4 5 6 7 8 |  8.6
Conjurations   | 1 2 3 4 5 6 7 8 |  8.0
Spellcasting   | 3 4 5 6 7 8 |  8.0
Earth Magic    | 4 5 6 7 8 |  8.9
Dodging        | 3 4 5 6 |  6.2
Shields        | 1 2 3 4 5 |  5.1
Transmutations | 2 |  2.5

Action                   |  1- 3 |  4- 6 |  7- 9 | 10-12 || total
-------------------------+-------+-------+-------+-------++-------
Melee: Short sword       |    45 |    68 |    10 |       ||   123
       Dagger            |     3 |       |       |       ||     3
       Tentacles         |     9 |    23 |    15 |    11 ||    58
       Constrict         |     6 |    28 |    15 |     6 ||    55
       Punch             |     1 |       |     1 |       ||     2
       Hand axe          |       |    53 |    42 |    51 ||   146
Throw: Dart              |       |       |    18 |     9 ||    27
 Cast: Sandblast         |    17 |    36 |    39 |    22 ||   114
       Stone Arrow       |       |     2 |   106 |   230 ||   338
Evoke: Wand              |       |       |       |     3 ||     3
  Use: Scroll            |       |     7 |    13 |     9 ||    29
       Potion            |       |       |     1 |     8 ||     9
 Stab: Sleeping          |    13 |    18 |     2 |     3 ||    36
Armor: Skin              |     2 |     9 |     3 |    10 ||    24
Dodge: Dodged            |    24 |    68 |    42 |   119 ||   253
Block: Buckler           |       |       |       |    23 ||    23
